 Dungeon Crawl Stone Soup version 0.31-a0-217-g58bb5d79cf (webtiles) character file.

Game seed: 6982847024856644713

646 gelatine the Shooter (level 7, -1/55 HPs)
             Began as a Demonspawn Hunter on July 3, 2023.
             Slain by a water moccasin (3 damage)
             ... on level 5 of the Dungeon.
             The game lasted 00:09:42 (3768 turns).

gelatine the Shooter (Demonspawn Hunter)            Turns: 3768, Time: 00:09:43

Health: -1/55      AC:  7    Str: 12      XL:     7   Next: 27%
Magic:  7/7        EV: 12    Int: 10      God:
Gold:   105        SH:  5    Dex: 16 (18) Spells: 6/6 levels left

rFire   . . .        a - +0 shortbow
rCold   . . .        (shield currently unavailable)
rNeg    . . .        c - +0 leather armour
rPois   .            (helmet restricted)
rElec   .            l - +0 cloak
rCorr   .            (no gloves)
SInv    .            (no boots)
Will    .....        p - amulet of reflection
Stlth   ++           (no ring)
HPRegen 0.29/turn    (no ring)
MPRegen 0.10/turn

%: reflection
@: no status effects
A: antennae 2, rugged brown scales 3, demonic guardian 1
a: no special abilities


You were on level 5 of the Dungeon.
You visited 1 branch of the dungeon, and saw 5 of its levels.

You collected 313 gold pieces.
You spent 208 gold pieces at shops.

Inventory:

Hand Weapons
 a - a +0 shortbow (weapon)
 o - the +1 mace of Ybliys {heavy, Int+3 Dex+2 SInv}
   (You found it on level 2 of the Dungeon)

   Int:       It affects your intelligence (+3).
   Dex:       It affects your dexterity (+2).
   SInv:      It lets you see invisible.
Missiles
 f - a throwing net
Armour
 c - a +0 leather armour (worn)
 l - a +0 cloak (worn)
Jewellery
 p - an amulet of reflection (around neck)
Wands
 t - a wand of flame (11)
 u - a wand of light (9)
Scrolls
 b - a scroll of butterflies
 e - a scroll of amnesia
 i - 3 scrolls of fear {unknown}
 j - a scroll of noise {unknown}
 k - 4 scrolls of enchant armour {unknown}
 m - 4 scrolls of enchant weapon {unknown}
 q - 2 scrolls of immolation {unknown}
 r - 3 scrolls of fog {unknown}
 v - a scroll of teleportation
Potions
 d - 3 potions of lignification
 g - 2 potions of mutation
 h - 4 potions of curing
 n - 2 potions of invisibility
 s - a potion of enlightenment {unknown}
 w - a potion of haste
 x - a potion of resistance {unknown}


   Skills:
 * Level 3.2 Fighting
 * Level 6.6 Ranged Weapons
 * Level 2.2 Armour
 * Level 3.0 Dodging
 + Level 0.9 Stealth
 * Level 1.4 Shields


You had 6 spell levels left.
You didn't know any spells.
Your spell library contained the following spells:

 Spells                   Type           Power      Damage    Failure   Level
 Lesser Beckoning         Tloc           0%         N/A       58%         2
 Gell's Gravitas          Tloc           0%         N/A       82%         3
 Teleport Other           Tloc           0%         N/A       82%         3


Dungeon Overview and Level Annotations

Branches:
Dungeon (5/15)
 Temple: D:4-7

Altars:
Dithmenos
Fedhas
Kikubaaqudgha
Makhleb
Sif Muna
Uskayaw

Shops:
D:4 (*:


Innate Abilities, Weirdness & Mutations

You have a pair of antennae on your head.
You are completely covered in rugged brown scales. (AC +3, +7% HP)
A weak demonic guardian rushes to your aid.


Message History

Press: ? - help, Q - select action, (/) - cycle Shift-Dir - straight line, f/p - water moccasin
Aim: a water moccasin (severely wounded, 48% to hit)
You shoot an arrow. The arrow misses the water moccasin.
The water moccasin closely misses you.
The water moccasin bites you but does no damage.
Fire: a) +0 shortbow
Press: ? - help, Q - select action, (/) - cycle Shift-Dir - straight line, f/p - water moccasin
Aim: a water moccasin (severely wounded, 48% to hit)
You shoot an arrow.
The arrow completely misses the water moccasin.
The water moccasin closely misses you.
Fire: a) +0 shortbow
Press: ? - help, Q - select action, (/) - cycle Shift-Dir - straight line, f/p - water moccasin
Aim: a water moccasin (severely wounded, 48% to hit)
You shoot an arrow. The arrow hits the water moccasin.
The water moccasin is almost dead.
The water moccasin closely misses you. You block the water moccasin's attack.
Fire: a) +0 shortbow
Press: ? - help, Q - select action, (/) - cycle Shift-Dir - straight line, f/p - water moccasin
Aim: a water moccasin (almost dead, 48% to hit)
You shoot an arrow.
The arrow closely misses the water moccasin.
The water moccasin bites you!
* * * LOW HITPOINT WARNING * * *
A demonic guardian appears!
The water moccasin closely misses you. The water moccasin barely misses you.
The water moccasin attacks as you move away!
The water moccasin bites you but does no damage.
The water moccasin bites you.
* * * LOW HITPOINT WARNING * * *
The water moccasin attacks as you move away!
The water moccasin closely misses you.
The water moccasin attacks as you move away!
The water moccasin closely misses you. You block the water moccasin's attack.
The water moccasin attacks as you move away!
The water moccasin bites you.
* * * LOW HITPOINT WARNING * * *
The water moccasin bites you.
You die...

. .##########.#.###.#..#.....# .#
.......................>...#
..##########.###.#.###.#..#......
#†...†......# #.#.###.#..#......
..##########.# #.#.#...#..#......
.# #.# #.#.#.#.#..#...... . #.#
#.#.#...#..#......
#.###.#.###.#..#......
#.5.S@.....<#..#...##.
#####.#.###....#...##. #.#.#
#.#.##...### #.#.# ###.##...###
.##.. ........... # #..
##.##...... .##. #.##...... . .
#.##...### . ## #.##...#


You could see a water moccasin (ally target) and a friendly shadow imp
(summoned).

Vanquished Creatures
  Eustachio (D:5)
  A phantom (D:5)
  2 scorpions (D:4)
  2 hounds (D:4)
  A gnoll bouda (D:4)
  An iguana (D:5)
  3 gnolls (D:4)
  7 adders
  2 dart slugs (D:2)
  16 orcs
  5 ball pythons
  5 endoplasms
  5 giant cockroaches
  7 goblins
  6 hobgoblins
  6 jackals
  2 quokkas (D:4)
  9 bats
  4 frilled lizards
  3 kobolds
  7 rats
95 creatures vanquished.

Notes
Turn   | Place    | Note
-------+----------+-------------------------------------------
     0 | D:1      | gelatine the Demonspawn Hunter began the quest for the Orb.
     0 | D:1      | Reached XP level 1. HP: 16/16 MP: 1/1
   166 | D:1      | Reached skill level 4 in Ranged Weapons
   207 | D:1      | Gained mutation: You have a pair of small antennae on your
                  | head. [demonic ancestry]
   207 | D:1      | Reached XP level 2. HP: 22/22 MP: 2/2
   693 | D:2      | Gained mutation: You are partially covered in rugged brown
                  | scales. (AC +1, +3% HP) [demonic ancestry]
   693 | D:2      | Reached XP level 3. HP: 18/27 MP: 3/3
   759 | D:2      | Identified the +1 mace of Ybliys {heavy, Int+3 Dex+2 SInv}
  1414 | D:3      | Gained mutation: You are mostly covered in rugged brown
                  | scales. (AC +2, +5% HP) [demonic ancestry]
  1414 | D:3      | Reached XP level 4. HP: 28/35 MP: 4/4
  1504 | D:3      | Reached skill level 1 in Armour
  1740 | D:3      | Found an ancient bone altar of Kikubaaqudgha.
  1740 | D:3      | Found a shimmering blue altar of Sif Muna.
  1740 | D:3      | Found a burning altar of Makhleb.
  1740 | D:3      | Found a shadowy altar of Dithmenos.
  1748 | D:3      | Found a hide-covered altar of Uskayaw.
  1753 | D:3      | Found a blossoming altar of Fedhas.
  1909 | D:3      | Reached skill level 5 in Ranged Weapons
  2255 | D:4      | Found Angeora's Book Emporium.
  2277 | D:4      | Gained mutation: You are completely covered in rugged brown
                  | scales. (AC +3, +7% HP) [demonic ancestry]
  2277 | D:4      | Reached XP level 5. HP: 35/41 MP: 5/5
  2549 | D:4      | Gained mutation: You have a pair of antennae on your head.
                  | [demonic ancestry]
  2549 | D:4      | Reached XP level 6. HP: 44/49 MP: 6/6
  2644 | D:4      | Found Nilur's Antique Weapon Shop.
  2834 | D:4      | Found Wyoss's General Store.
  2843 | D:4      | Bought a scroll of teleportation for 39 gold pieces
  2843 | D:4      | Bought a potion of curing for 39 gold pieces
  2843 | D:4      | Bought a potion of haste for 130 gold pieces
  3205 | D:4      | Reached skill level 6 in Ranged Weapons
  3205 | D:4      | Reached skill level 1 in Shields
  3325 | D:5      | Entered Level 5 of the Dungeon
  3325 | D:5      | Noticed Eustachio
  3369 | D:5      | Killed Eustachio
  3370 | D:5      | Gained mutation: A weak demonic guardian rushes to your
                  | aid. [demonic ancestry]
  3370 | D:5      | Reached XP level 7. HP: 46/55 MP: 7/7
  3767 | D:5      | HP: 1/55 [water moccasin (5)]
  3768 | D:5      | Slain by a water moccasin

Illustrated notes

Levels and vault maps discovered:
D:1:      ncdulo_lavacross, layout_basic, minmay_tromino_v7
D:2:      layout_basic, minmay_misc_feat_enclosed
D:3:      layout_loops_ring, minmay_overflow_temple_hex
D:4:      nicolae_cairo_tiling, layout_loops_corners, serial_shops,
          nicolae_lakefront_shop, shop, shop, minmay_vboxes
D:5:      layout_basic, st_stairs_9, nicolae_eternal_life, uniq_duvessa,
          uniq_eustachio

Skill      XL: |  1  2  3  4  5  6  7 |
---------------+----------------------+-----
Ranged Weapons | 4 5 6 |  6.6
Dodging        | 2 3 |  3.0
Armour         | 1 2 |  2.2
Shields        | 1 |  1.4
Fighting       | 3 |  3.2
Stealth        | |  0.9

Action                     |  1- 3 |  4- 6 |  7- 9 || total
---------------------------+-------+-------+-------++-------
   Fire: Shortbow          |   138 |   224 |    64 ||   426
    Use: Scroll            |       |     7 |       ||     7
         Potion            |       |       |     1 ||     1
 Armour: Leather armour    |    30 |    59 |    11 ||   100
  Dodge: Dodged            |    29 |   104 |    26 ||   159
  Block: Other             |    18 |    33 |    13 ||    64
         Reflection        |     1 |       |       ||     1

Table legend: (Time is in decaauts)
 A = Elapsed time spent in this place.
 B = Non-inter-level travel time spent in this place.
 C = Inter-level travel time spent in this place.
 D = Time resting spent in this place.
 E = Time spent auto-exploring this place.
 F = Levels seen in this place.
 G = Mean time per level.
                   A        B        C        D        E       F      G
               +--------+--------+--------+--------+--------+-----+--------+
         Total |   3846 |   3769 |     77 |      0 |   2981 |   5 |  769.2 |
       Dungeon |   3846 |   3769 |     77 |      0 |   2981 |   5 |  769.2 |
               +--------+--------+--------+--------+--------+-----+--------+

Top non-repeatable levels by time:
     D:4: 1094 daAuts
     D:3: 867 daAuts
     D:2: 796 daAuts
     D:1: 632 daAuts
     D:5: 455 daAuts
